 Crawl Stoat Soup version 0.23-s1-122-gd748cc71c2 (console) character file.

296 hilarita the Conjurer (level 6, -9/28 HPs)
             Began as a Vine Stalker Conjurer on Apr 25, 2021.
             Was an Initiate of the Shining One.
             Killed by divine providence
             ... invoked by an orc priest
              (11 damage)
             ... on level 4 of the Dungeon.
             The game lasted 00:09:45 (3924 turns).

hilarita the Conjurer (Vine Stalker Conjurer)       Turns: 3924, Time: 00:09:46

Health: -9/28      AC:  3    Str: 10    XL:     6   Next: 34%
Magic:  0/12       EV: 12    Int: 17    God:    the Shining One [......]
Gold:   105        SH:  4    Dex: 15    Spells: 2/12 levels left

rFire    . . .     SeeInvis +   e - +0 whip
rCold    . . .     Gourm    .   s - +0 buckler
rNeg     . . .     Faith    .   a - +0 robe
rPois    .         Spirit   +   (no helmet)
rElec    .         Warding  .   o - +0 cloak
rCorr    .         Reflect  .   (no gloves)
MR       .....     Harm     .   (no boots)
Stlth    +.........             (no amulet)
HPRegen  0.49/turn              j - ring of see invisible
MPRegen  0.13/turn              (no ring)

@: very slightly contaminated, glowing
A: fangs 2, regeneration 1, magic shield, antimagic bite, no potion heal 3, rot
immunity
a: Renounce Religion


You were on level 4 of the Dungeon.
You worshipped the Shining One.
The Shining One was noncommittal.
You were hungry.

You visited 1 branch of the dungeon, and saw 4 of its levels.

You collected 105 gold pieces.

Inventory:

Hand Weapons
 e - a +0 whip (weapon)
 k - a +0 rapier
Missiles
 d - 217 stones (quivered)
Armour
 a - a +0 robe (worn)
 o - a +0 cloak (worn)
 s - a +0 buckler (worn)
Jewellery
 j - a ring of see invisible (left hand)
Wands
 q - a wand of digging (6 charges)
Scrolls
 l - a scroll of fear
 r - a scroll of remove curse
Potions
 b - a potion of agility
 f - a potion of brilliance
 h - 2 potions of might
 n - a potion of curing
 p - a potion of magic {unknown}
Comestibles
 c - 3 bread rations
 g - a fruit
 i - 2 meat rations


   Skills:
 - Level 1.5 Dodging
 - Level 2.4 Stealth
 * Level 1.5 Shields
 + Level 3.7 Spellcasting
 * Level 6.0 Conjurations
 + Level 1.9 Invocations


You had 2 spell levels left.
You knew the following spells:

 Your Spells              Type           Power        Failure   Level  Hunger
a - Magic Dart            Conj           23/25        1%          1    None
b - Searing Ray           Conj           23/50        2%          2    ##.....
c - Dazzling Spray        Conj/Hex       13/50        19%         3    ###....
d - Iskenderun's Mystic   Conj           23/100       19%         4    ####...

Your spell library contained the following spells:

 Spells                   Type           Power        Failure   Level  Hunger
 Force Lance              Conj/Tloc      13/100       54%         4    ####...
 Fulminant Prism          Conj/Hex       13/200       54%         4    ####...


Dungeon Overview and Level Annotations

Branches:
Dungeon (4/15)
 Temple: D:4-7

Altars:
Cheibriados
Nemelex Xobeh
Ru
Uskayaw
The Shining One


Innate Abilities, Weirdness & Mutations

You have extremely sharp teeth.
Your natural rate of healing is unusually fast.
When hurt, damage is shared between your health and your magic reserves.
Your bite disrupts and absorbs the magic of your enemies.
Potions cannot restore your health.
You are immune to rotting.


Message History

The orc priest is moderately wounded.
The orc wizard miscasts a cantrip.
The orc priest mumbles some strange prayers to Beogh against you.
Beogh smites you!
Unknown command.
Casting: Magic Dart (safe; 1% risk of failure)
Confirm with . or Enter, or press ? or * to list all spells.
Aiming: Magic Dart (safe; 1% risk of failure)
Press: ? - help, Shift-Dir - straight line, f/p - orc priest
Aim: an orc priest, wielding a dagger and wearing a ring mail (moderately wounded)
The magic dart hits the orc priest.
The orc priest is moderately wounded.
The orc throws a stone.
The stone hits you but does no damage.
Unknown command.
The orc wizard casts a spell at you. The puff of frost hits you!
* * * LOW HITPOINT WARNING * * *
The orc priest mumbles some strange prayers to Beogh against you.
Beogh smites you!
You die...

********,,,,**********,,,...#####
,,,,,,,,,,,,,,,,,,,,,,,,,......>.
,,,,,,,,,,,,,,,,,,,,,,,,,........
,,****,,,,,***********,,,.#######
*,,********* ****** **,,,,,**
**,,,,,** ***,,,,** **,,<,**
**,,..######################
**,...o...@................
**...o....(..........#####
*....o............### ****
*......############
*,,*****......* ***,,*,,.....#* #
**,,,,.....** ## *****###..,* ##.
**,,* ###.# **,,* ##..## *,,,*
##<..#


You could see an orc priest, an orc wizard and an orc.

Vanquished Creatures
  A howler monkey (D:4)
  Crazy Yiuf (D:3)
  A hound (D:4)
  2 orc wizards (D:4)
  Jessica (D:2)
  A hound skeleton (D:4)
  3 adders
  2 worms
  2 dart slugs
  2 leopard geckos
  4 orcs
  3 ball pythons
  5 giant cockroaches
  8 goblins
  3 hobgoblins
  6 jackals (D:1)
  7 kobolds
  2 weasels
  10 bats
  4 frilled lizards
  3 rats
71 creatures vanquished.

Notes
Turn   | Place    | Note
-------+----------+-------------------------------------------
     0 | D:1      | hilarita the Vine Stalker Conjurer began the quest for the
                  | Orb.
     0 | D:1      | Reached XP level 1. HP: 9/9 MP: 4/4
   210 | D:1      | Reached XP level 2. HP: 11/13 MP: 0/6
   222 | D:1      | Learned a level 2 spell: Searing Ray
  1089 | D:1      | Reached XP level 3. HP: 16/16 MP: 1/7
  1094 | D:1      | Learned a level 3 spell: Dazzling Spray
  1248 | D:2      | Noticed Jessica
  1252 | D:2      | Killed Jessica
  1328 | D:2      | Reached skill level 5 in Conjurations
  1328 | D:2      | Gained mutation: Your natural rate of healing is unusually
                  | fast. [Vine Stalker growth]
  1328 | D:2      | Reached XP level 4. HP: 21/21 MP: 4/9
  1381 | D:2      | Found a glowing golden altar of the Shining One.
  1390 | D:2      | Found a sparkling altar of Nemelex Xobeh.
  1393 | D:2      | Found a sacrificial altar of Ru.
  1409 | D:2      | Became a worshipper of the Shining One
  2530 | D:3      | Found a runed door.
  3025 | D:3      | Reached XP level 5. HP: 24/24 MP: 6/11
  3076 | D:3      | Reached skill level 1 in Invocations
  3114 | D:3      | Noticed Crazy Yiuf
  3118 | D:3      | Killed Crazy Yiuf
  3338 | D:4      | Learned a level 4 spell: Iskenderun's Mystic Blast
  3410 | D:4      | Found a hide-covered altar of Uskayaw.
  3425 | D:4      | Reached skill level 1 in Shields
  3425 | D:4      | Reached XP level 6. HP: 9/28 MP: 0/12
  3691 | D:4      | Found a snail-covered altar of Cheibriados.
  3892 | D:4      | Reached skill level 6 in Conjurations
  3924 | D:4      | HP: 2/28 [orc wizard/puff of frost (8)]
  3924 | D:4      | Killed from afar by an orc priest

Vault maps used:
D:1:      lemuel_arrival_lava_pool, feat_on_display
D:2:      grunt_temple_overflow_open, uniq_jessica
D:3:      first_bread, uniq_crazy_yiuf_cottage
D:4:      lemuel_doored_altar, kennysheep_slug_shrine

Skill      XL: |  1  2  3  4  5  6 |
---------------+-------------------+-----
Spellcasting   | 3 |  3.7
Conjurations   | 5 6 |  6.0
Invocations    | 1 |  1.9
Shields        | 1 |  1.5
Dodging        | |  1.5
Stealth        | |  2.4

Action                   |  1- 3 |  4- 6 || total
-------------------------+-------+-------++-------
Melee: Whip              |     6 |    13 ||    19
       Quarterstaff      |       |     1 ||     1
       Bite              |       |     1 ||     1
 Cast: Magic Dart        |    41 |   112 ||   153
       Searing Ray       |     1 |     4 ||     5
  Use: Scroll            |     7 |     8 ||    15
  Eat: Chunk             |     1 |     8 ||     9
Armor: Robe              |       |     5 ||     5
Dodge: Dodged            |     5 |    20 ||    25
Block: Buckler           |       |     3 ||     3

Table legend:
 A = Spawn XP
 B = Non-spawn XP
 C = Spawn XP percentage of total XP
 D = Spawn monster count
 E = Non-spawn monster count
 F = Spawn count percentage of total count
 G = Total turns spent on level
                    A         B        C        D         E        F      G
               +---------+---------+-------+---------+---------+-------+---------
         Total |     111 |     312 |  26.2 |      14 |      57 |  19.7 |  3924
               +---------+---------+-------+---------+---------+-------+---------
           D:1 |       3 |      31 |   8.8 |       3 |      17 |  15.0 |  1248
           D:2 |      10 |      84 |  10.6 |       4 |      15 |  21.1 |   818
           D:3 |      25 |      63 |  28.4 |       5 |      15 |  25.0 |  1120
           D:4 |      73 |     134 |  35.3 |       2 |      10 |  16.7 |   738
               +---------+---------+-------+---------+---------+-------+---------
